 Dungeon Crawl Stone Soup version 0.31-a0-437-g7cee417757 (webtiles) character file.

Game seed: 424348860649846964

94 AdnanSaban the Covered (level 4, -1/29 HPs)
             Began as a Gargoyle Fighter on Aug 2, 2023.
             Killed by divine providence
             ... invoked by an orc priest
              (13 damage)
             ... on level 3 of the Dungeon.
             The game lasted 00:01:26 (2330 turns).

AdnanSaban the Covered (Gargoyle Fighter)           Turns: 2330, Time: 00:01:27

Health: -1/29      AC: 13    Str: 21    XL:     4   Next: 63%
Magic:  4/4        EV:  9    Int:  9    God:
Gold:   158        SH:  4    Dex:  9    Spells: 3/3 levels left

rFire   . . .        a - +0 flail
rCold   . . .        c - +0 buckler
rNeg    + . .        b - +0 scale mail
rPois   ∞            (no helmet)
rElec   +            (no cloak)
rCorr   .            g - +2 pair of gloves
SInv    .            (no boots)
Will    .....        (no amulet) Stlth
                     (no ring)
HPRegen 0.24/turn    (no ring)
MPRegen 0.09/turn

%: no passive effects
@: no status effects
A: sickness immunity, AC +3, negative energy resistance 1, electricity
resistance, torment resistance 1, petrification resistance
a: no special abilities


You were on level 3 of the Dungeon.
You visited 1 branch of the dungeon, and saw 3 of its levels.

You collected 158 gold pieces.

Inventory:

Hand Weapons
 a - a +0 flail (weapon)
Armour
 b - a +0 scale mail (worn)
 c - a +0 buckler (worn)
 g - a +2 pair of gloves (worn)
Jewellery
 m - a ring of willpower
Scrolls
 e - 5 scrolls of identify {unknown}
 f - a scroll of poison {unknown}
 h - 2 scrolls of fog {unknown}
 j - a scroll of silence {unknown}
 l - a scroll of vulnerability {unknown}
Potions
 d - 2 potions of might
 i - a potion of degeneration {unknown}
 k - a potion of heal wounds {unknown}


   Skills:
 + Level 3.8 Fighting
 + Level 3.2 Maces & Flails
 + Level 3.8 Armour
 + Level 1.0 Dodging
 + Level 0.2 Stealth
 + Level 3.7 Shields


You had 3 spell levels left.
You didn't know any spells.
Your spell library contained the following spells:

 Spells                   Type           Power      Damage    Failure   Level
 Shock                    Conj/Air       0%         1d3       80%         1
 Slow                     Hex            0%         N/A       80%         1
 Confusing Touch          Hex            0%         N/A       99%         3
 Swiftness                Air            0%         N/A       99%         3
 Vampiric Draining        Necr           0%         2d6       99%         3
 Airstrike                Air            0%         2d(0-16)  100%        4


Dungeon Overview and Level Annotations

Branches:
Dungeon (3/15)

Altars:


Innate Abilities, Weirdness & Mutations

You are immune to sickness and miasma.
Your stone body is resilient. (AC +3)
You are immune to poison.
You resist negative energy. (rN+)
You are resistant to electric shocks. (rElec)
You are resistant to unholy torment.
You are immune to petrification.


Message History

The orc wizard completely misses you. The orc barely misses you.
The orc wizard gestures at you while chanting.
The puff of flame hits you but does no damage.
The orc hits you but does no damage.
You closely miss the orc wizard.
The orc wizard is moderately wounded.
You block the orc wizard's attack. The orc barely misses you.
The orc priest miscasts a cantrip.
You hit the orc wizard.
The orc wizard is heavily wounded.
The orc wizard hits you but does no damage.
The orc hits you but does no damage.
You thump the orc wizard!
You kill the orc wizard!
The orc barely misses you. The orc hits you but does no damage.
Your Maces & Flails skill increases to level 3!
The orc misses you.
You closely miss the orc.
The orc priest invokes the aid of Beogh against you.
Beogh smites you!
Ouch! That really hurt!
The orc completely misses you.
You are too injured to fight recklessly!
You are too injured to fight recklessly!
You are too injured to fight recklessly!
You are too injured to fight recklessly!
You are too injured to fight recklessly!
You are too injured to fight recklessly!
You are too injured to fight recklessly!
You are too injured to fight recklessly!
You are too injured to fight recklessly!
You are too injured to fight recklessly!
You are too injured to fight recklessly!
You are too injured to fight recklessly!
You are too injured to fight recklessly!
You are too injured to fight recklessly!
You hit the orc but do no damage.
The orc priest calls down the wrath of Beogh upon you.
Beogh smites you!
You die...

............# #+
###.....†...# #.#
##........# ...
#........# #.#
#........# #.#
#........# #.#
#........####o#
#...........#o# ##
####+###....#@#####
.# #.....)....# .#
#.........###...#
.# ###.......# ##
.# #......... .#
#.....#.... .#
#.....#####.# .#
#...^.# # .#
#.....#


You could see an orc priest and an orc.

Vanquished Creatures
  An orc wizard (D:3)
  2 worms (D:2)
  2 dart slugs
  An orc (D:3)
  3 ball pythons (D:1)
  5 endoplasms
  4 giant cockroaches
  7 goblins
  8 hobgoblins
  4 jackals
  2 quokkas
  4 bats
  3 frilled lizards
  4 kobolds
  3 rats (D:2)
53 creatures vanquished.

Notes
Turn   | Place    | Note
-------+----------+-------------------------------------------
     0 | D:1      | AdnanSaban the Gargoyle Fighter began the quest for the
                  | Orb.
     0 | D:1      | Reached XP level 1. HP: 14/14 MP: 1/1
   159 | D:1      | Reached XP level 2. HP: 19/19 MP: 2/2
   928 | D:2      | Reached XP level 3. HP: 21/23 MP: 3/3
  2040 | D:3      | Reached XP level 4. HP: 29/29 MP: 4/4
  2274 | D:3      | Reached skill level 1 in Dodging
  2330 | D:3      | Killed from afar by an orc priest

Illustrated notes

Levels and vault maps discovered:
D:1:      elethiomel_arrival_infinity_welcomes_careful_drivers, layout_basic,
          st_stairs_12, chequers_serial_rivers_micro_c
D:2:      kennysheep_six_static_rooms, layout_loops_corners, serial_forest,
          infiniplex_forest_zigzag_2, infiniplex_forest_lined_room_3,
          infiniplex_forest_zigzag_2, infiniplex_forest_clump_medium,
          infiniplex_forest_clump_curved, infiniplex_forest_lined_corner
D:3:      layout_basic, minmay_unequal

Skill      XL: |  1  2  3  4 |
---------------+-------------+-----
Dodging        | 1 |  1.0
Maces & Flails | 3 |  3.2
Fighting       | |  3.8
Armour         | |  3.8
Stealth        | |  0.2
Shields        | |  3.7

Action                     |  1- 3 |  4- 6 || total
---------------------------+-------+-------++-------
  Melee: Flail             |   168 |    35 ||   203
 Armour: Scale mail        |   114 |    26 ||   140
  Dodge: Dodged            |   104 |    21 ||   125
  Block: Buckler           |    37 |     6 ||    43

Table legend: (Time is in decaauts)
 A = Elapsed time spent in this place.
 B = Non-inter-level travel time spent in this place.
 C = Inter-level travel time spent in this place.
 D = Time resting spent in this place.
 E = Time spent auto-exploring this place.
 F = Levels seen in this place.
 G = Mean time per level.
                   A        B        C        D        E       F      G
               +--------+--------+--------+--------+--------+-----+--------+
         Total |   2393 |   2321 |     72 |      0 |   1892 |   3 |  797.7 |
       Dungeon |   2393 |   2321 |     72 |      0 |   1892 |   3 |  797.7 |
               +--------+--------+--------+--------+--------+-----+--------+

Top non-repeatable levels by time:
     D:2: 1246 daAuts
     D:1: 833 daAuts
     D:3: 313 daAuts
